 Dungeon Crawl Stone Soup version 0.19-a0-569-g984bae3 (webtiles) character file.

11246 Charmandara the Slicer (level 12, -1/64 HPs)
             Began as a Kobold Enchanter on June 9, 2016.
             Was a High Priest of Okawaru.
             Hit by a large rock thrown by a cyclops (24 damage)
             ... on level 11 of the Dungeon.
             The game lasted 00:45:57 (14016 turns).

Charmandara the Slicer (Kobold Enchanter)          Turns: 14016, Time: 00:45:57

Health: -1/64      AC: 18    Str:  8    XL:     12   Next: 5%
Magic:  11/24      EV: 16    Int: 25    God:    Okawaru [*****.]
Gold:   760        SH:  0    Dex: 16    Spells: 7 memorised, 6 levels left

rFire  . . .     SeeInvis .     a - +2 dagger (protect)
rCold  . . .     Gourm    .     s - +2 robe
rNeg   . . .     Faith    .     (shield restricted)
rPois  .         Spirit   .     J - +2 hat {Int+3}
rElec  .         Dismiss  .     I - +1 cloak {+Inv}
rCorr  .         Reflect  .     E - +1 pair of gloves
SustAt .         Harm     .     k - +0 pair of boots
MR     .....                    (no amulet)
Stlth  ++++......               z - +2 ring of protection
                                t - +5 ring of intelligence

@: very slightly contaminated, not resistant to hostile enchantments, stealthy
A: carnivore 3
a: Heroism, Finesse, Renounce Religion, Evoke Invisibility


You were on level 11 of the Dungeon.
You worshipped Okawaru.
Okawaru was extremely pleased with you.
You were not hungry.

You visited 1 branch of the dungeon, and saw 11 of its levels.
You also visited: Ossuary.

You collected 760 gold pieces.

Inventory:

Hand Weapons
 a - a +2 dagger of protection (weapon)
   (You found it on level 2 of the Dungeon)
 b - a +0 blowgun
   (You took it off a kobold on level 8 of the Dungeon)
Missiles
 g - 44 poisoned needles
 L - 2 throwing nets {=f, !d}
Armour
 k - a +0 pair of boots (worn)
   (You found it on level 4 of the Dungeon)
 s - a +2 robe (worn)
   (You took it off Psyche on level 8 of the Dungeon)
 w - a +1 ring mail of magic resistance
   (You took it off a gnoll sergeant on level 10 of the Dungeon)
 E - a +1 pair of gloves (worn)
   (You found it on level 10 of the Dungeon)
 I - a +1 cloak of invisibility (worn)
   (Okawaru gifted it to you on level 10 of the Dungeon)
 J - a +2 hat of intelligence (worn)
   (You took it off Gastronok on level 10 of the Dungeon)
Jewellery
 t - a +5 ring of intelligence (left hand)
   (You found it on level 4 of the Dungeon)
 z - a +2 ring of protection (right hand)
   (You found it on level 11 of the Dungeon)
Wands
 n - a wand of flame (28/48)
   (You found it on level 7 of the Dungeon)
 F - a wand of iceblast (0/15)
   (You took it off Maurice on level 8 of the Dungeon)
Scrolls
 f - 2 scrolls of enchant weapon
 m - 3 scrolls of amnesia
 o - a scroll of identify
 p - 6 scrolls of remove curse
 r - 2 scrolls of teleportation
 u - 2 scrolls of fear
 C - 3 scrolls of recharging
Potions
 e - 2 potions of mutation {!q}
 h - 2 potions of agility
 i - 3 potions of brilliance
 j - 5 potions of curing
 l - 2 potions of haste
 q - a potion of might {unknown}
 A - a potion of cancellation
 B - a potion of flight {unknown}
 D - a potion of beneficial mutation {unknown}
Books
 c - a book of Maledictions
 y - a book of Callings
   (You found it on level 5 of the Dungeon)
Comestibles
 d - 6 meat rations {@e2}
 v - a slice of pizza
 x - 10 beef jerkies
 G - 9 royal jellies


   Skills:
 + Level 3.1 Fighting
 - Level 10.0 Short Blades
 + Level 2.9 Dodging
 + Level 7.5 Stealth
 - Level 8.0 Spellcasting
 - Level 3.4 Conjurations
 - Level 6.6 Hexes
 - Level 3.1 Charms
 - Level 6.0 Summonings
 - Level 6.0 Ice Magic
 * Level 2.3 Invocations
 + Level 6.3 Evocations


You had 6 spell levels left.
You knew the following spells:

 Your Spells              Type           Power        Failure   Level  Hunger
a - Ensorcelled Hibernat  Hex/Ice        #####.       1%          2    None
b - Tukima's Dance        Hex            #####...     1%          3    None
c - Confuse               Hex            #####...     1%          3    None
d - Dazzling Spray        Conj/Hex       #####.       1%          3    None
e - Summon Guardian Gole  Hex/Summ       #####...     1%          3    None
f - Summon Ice Beast      Ice/Summ       #####...     6%          4    ##.....
z - Spectral Weapon       Hex/Chrm       ####....     2%          3    None


Dungeon Overview and Level Annotations

Branches:
Dungeon (11/15)            Temple (0/1) D:4            Lair (0/8) D:11
    Orc (0/2) D:10

Altars:
Fedhas
Gozag
Makhleb
Okawaru
Ru
Yredelemnul
The Shining One

Shops:
D:6 (   D:10 (


Innate Abilities, Weirdness & Mutations

You are small and have problems with some larger weapons.
You are carnivorous and can eat meat at any time.


Message History

You perforate the sheep like a sieve!!!!
You kill the sheep!
Okawaru accepts your kill.
You have reached level 12!
Your experience leads to an increase in your attributes!
Your base attributes are Str 8, Int 16, Dex 16.
Increase (S)trength, (I)ntelligence, or (D)exterity?
You feel clever.
The sheep bites the cyclops.
The cyclops throws a large rock.
The large rock barely misses you.
You regained 5 hp, and now have 54/64 hp.
Unknown command.
Aim: a cyclops (moderately wounded)
The spray of energy hits the cyclops.
The cyclops is dazzled.
The spray of energy hits the sheep.
The sheep is dazzled.
You now have 9/24 mp.
Unknown command.
Unknown command.
There is an open door, spattered with blood here.
Things that are here:
a sheep corpse x2
The cyclops shouts!
The cyclops barely misses you.
You barely miss the cyclops.
You catch the helpless cyclops completely off-guard!
You impale the cyclops!! The cyclops closely misses you.
You catch the helpless cyclops completely off-guard!
You impale the cyclops!!
You kill the cyclops!
Okawaru accepts your kill.
Your Fighting skill increases to level 3!
Your Invocations skill increases to level 2!
You strike the helpless sheep from behind!
You spit the sheep like a pig!!!
You kill the sheep!
Okawaru accepts your kill.
You see here a sheep corpse.
You butcher the sheep corpse.
Things that are here:
4 chunks of flesh {@w0}; a sheep skeleton You see here 4 large rocks {!d}.
There isn't anything to butcher here.
There is an open door, spattered with blood here.
Things that are here:
a sheep corpse x2
You butcher the sheep corpse.
There is an open door, spattered with blood here.
Things that are here:
3 chunks of flesh {@w0}; a sheep corpse
Things that are here:
4 chunks of flesh {@w0}; a sheep skeleton You start resting.
Health restored: 64; MP restored: 24
There is an open door, spattered with blood here.
Things that are here:
3 chunks of flesh {@w0}; a sheep corpse You open the door.
There is an open door here.
You open the door.
Found an escape hatch in the ceiling.
There is an open door here.
You open the door.
There is an open door here.
You see here a scroll labeled VAARGH POCVARIR.
You open the door.
A hound comes into view.
The hound barks!
Aim: a hound (chance to defeat MR: 75%)
The hound looks drowsy...
You now have 22/24 mp.
A cyclops comes into view.
There is an open door here.
The helpless hound fails to defend itself.
You perforate the hound like a sieve!!!
You kill the hound!
Okawaru accepts your kill.
The cyclops shouts!
The cyclops throws a large rock.
The large rock closely misses you.
You see here a large rock {!d}.
Aim: a cyclops The spray of energy hits the cyclops.
You now have 19/24 mp.
Aim: a cyclops (lightly wounded, chance to defeat MR: 51%)
The cyclops resists with significant effort.
The cyclops throws a large rock.
The large rock hits you!!!
Ouch! That really hurt!
You take 42 damage, and have 22/64 hp.
MASSIVE DAMAGE!!
You now have 17/24 mp.
Okay, then.
Okay, then.
Aim: a cyclops (lightly wounded, chance to defeat MR: 51%)
You miscast Confuse.
You are very lightly contaminated with residual magic.
The light around you dims momentarily.
You now have 14/24 mp.
Aim: a cyclops (lightly wounded, chance to defeat MR: 51%)
The cyclops resists with significant effort.
The cyclops throws a large rock.
The large rock hits you!!
You die...

######+####
..........#
..........#
..........#
..........#
....C...(.#
........@.#
######'###
####.# #..?.#
##.#### #..#
# #.## .
#######'#####
.
#...........#


You could see a cyclops.

Vanquished Creatures
  2 hill giants (D:10)
  An ugly thing (D:11)
  2 cyclopes (D:11)
  Maurice (D:8)
  Joseph (D:7)
  Psyche (D:8)
  A komodo dragon (D:10)
  A troll (D:11)
  2 wyverns
  A yak (D:5)
  A hippogriff (D:10)
  2 hungry ghosts
  The ghost of HyperWalrus the Cudgeler, an amateur GrCK of Xom (D:3)
  A soldier ant (D:8)
  A water moccasin (D:10)
  A black bear (D:8)
  5 ice beasts
  A slave (D:7)
  3 sky beasts
  A wasp (D:8)
  2 orc warriors
  A phantom (D:4)
  4 ogres
  10 centaurs
  A big kobold (D:8)
  Blork the orc (D:6)
  7 giant frogs
  A gnoll sergeant (D:10)
  10 scorpions
  An electric eel (D:9)
  7 wights
  3 crimson imps
  A centaur zombie (D:5)
  10 orc wizards
  A quasit (D:8)
  5 hounds
  3 jellies
  3 centaur skeletons
  6 orc priests
  A giant frog skeleton (D:7)
  3 iguanas
  12 worker ants
  4 sheep (D:11)
  2 hound skeletons
  2 hound zombies (D:9)
  A mummy (Ossuary)
  A worker ant zombie (D:6)
  7 gnolls
  15 adders
  A shadow imp (D:11)
  3 worms (D:2)
  An adder skeleton (D:9)
  3 adder zombies
  2 dart slugs
  2 giant geckos
  26 orcs
  2 ball pythons
  5 giant cockroaches
  6 gnoll zombies (Ossuary)
  9 goblins
  11 hobgoblins
  7 jackals
  5 quokkas
  9 bats
  A giant gecko skeleton (D:4)
  9 giant newts
  2 gnoll skeletons (Ossuary)
  2 goblin skeletons (Ossuary)
  2 goblin zombies (Ossuary)
  3 hobgoblin zombies (Ossuary)
  A jackal skeleton (D:8)
  12 kobolds
  2 kobold skeletons (Ossuary)
  2 kobold zombies (Ossuary)
  4 orc skeletons (Ossuary)
  An orc zombie (Ossuary)
  7 rats
  3 rat skeletons (Ossuary)
  3 rat zombies (Ossuary)
301 creatures vanquished.

Vanquished Creatures (collateral kills)
  Gastronok (D:10)
  Pikel (D:7)
  A yak (D:11)
  A centaur (D:9)
  A wight (D:9)
  A mummy (Ossuary)
6 creatures vanquished.

Vanquished Creatures (others)
  Menkaure (Ossuary)
  A crimson imp (D:7)
  An orc wizard (D:8)
  A hound zombie (D:7)
  A mummy (Ossuary)
  An adder zombie (D:7)
  An orc (D:7)
  2 gnoll zombies (Ossuary)
  2 goblin skeletons (Ossuary)
  A goblin zombie (Ossuary)
  5 hobgoblin skeletons (Ossuary)
  2 kobold skeletons (Ossuary)
  3 kobold zombies (Ossuary)
  3 orc skeletons (Ossuary)
  2 orc zombies (Ossuary)
  A spectral weapon (D:6)
28 creatures vanquished.

Grand Total: 335 creatures vanquished

Notes
Turn   | Place    | Note
--------------------------------------------------------------
     0 | D:1      | Charmandara the Kobold Enchanter began the quest for the Orb.
     0 | D:1      | Reached XP level 1. HP: 10/10 MP: 3/3
    53 | D:1      | Reached XP level 2. HP: 6/15 MP: 3/5
   254 | D:1      | Learned a level 2 spell: Ensorcelled Hibernation
   269 | D:1      | Found an iron altar of Okawaru.
   329 | D:1      | Became a worshipper of Warmaster Okawaru
   479 | D:1      | Reached skill level 2 in Short Blades
   533 | D:1      | Reached XP level 3. HP: 20/20 MP: 1/6
   659 | D:1      | Reached skill level 1 in Ice Magic
  1461 | D:2      | Reached skill level 1 in Fighting
  1461 | D:2      | Reached XP level 4. HP: 25/25 MP: 2/7
  1513 | D:2      | Learned a level 3 spell: Confuse
  1690 | D:2      | Reached skill level 2 in Ice Magic
  1872 | D:2      | Reached XP level 5. HP: 23/30 MP: 2/8
  2069 | D:2      | Reached skill level 3 in Short Blades
  2279 | D:2      | Reached skill level 2 in Fighting
  2494 | D:3      | Reached skill level 4 in Hexes
  2684 | D:3      | Noticed HyperWalrus's ghost (amateur GrCK)
  2798 | D:2      | Reached XP level 6. HP: 29/35 MP: 1/9
  2875 | D:2      | Learned a level 3 spell: Tukima's Dance
  3081 | D:3      | HP: 6/35 [HyperWalrus's ghost (9)]
  3148 | D:3      | Killed HyperWalrus's ghost
  3414 | D:3      | Reached * piety under Okawaru
  3414 | D:3      | Reached skill level 5 in Stealth
  3414 | D:3      | Reached skill level 3 in Spellcasting
  3414 | D:3      | Reached XP level 7. HP: 35/40 MP: 8/11
  3475 | D:3      | Learned a level 3 spell: Dazzling Spray
  3678 | D:3      | Found a blossoming altar of Fedhas.
  3688 | D:3      | Reached skill level 4 in Short Blades
  3693 | D:3      | Reached skill level 5 in Hexes
  4037 | D:3      | Reached skill level 1 in Conjurations
  4454 | D:4      | Found a staircase to the Ecumenical Temple.
  4580 | D:4      | Reached skill level 2 in Conjurations
  4580 | D:4      | Reached XP level 8. HP: 44/44 MP: 12/12
  4605 | D:4      | Reached skill level 5 in Short Blades
  4605 | D:4      | Reached skill level 6 in Stealth
  4655 | D:4      | Reached ** piety under Okawaru
  5080 | D:5      | Entered Level 5 of the Dungeon
  5124 | D:5      | Reached skill level 3 in Conjurations
  5491 | D:5      | Reached skill level 7 in Stealth
  5638 | D:6      | Noticed a yak
  5674 | D:5      | HP: 9/44 [yak (14)]
  5730 | D:5      | HP: 6/44 [yak (11)]
  5733 | D:5      | HP: 1/44 [yak (12)]
  6067 | D:5      | Killed a yak
  6067 | D:5      | Reached skill level 6 in Short Blades
  6090 | D:5      | Learned a level 3 spell: Spectral Weapon
  6116 | D:6      | Reached skill level 6 in Hexes
  6116 | D:6      | Reached XP level 9. HP: 48/48 MP: 9/14
  6126 | D:6      | Reached skill level 4 in Spellcasting
  6303 | D:6      | Noticed Blork the orc
  6306 | D:6      | Killed Blork the orc
  6306 | D:6      | Reached skill level 1 in Charms
  6353 | D:6      | Reached skill level 2 in Charms
  6373 | D:6      | You fall through a shaft for 2 floors!
  6434 | D:8      | Reached *** piety under Okawaru
  6519 | D:8      | Noticed Psyche
  6565 | D:8      | Found an opulent altar of Gozag.
  6575 | D:8      | Noticed Maurice
  6587 | D:8      | Killed Maurice
  6587 | D:8      | Reached skill level 7 in Short Blades
  6587 | D:8      | Reached skill level 5 in Spellcasting
  6587 | D:8      | Reached skill level 3 in Charms
  6702 | D:8      | Found a sand-covered staircase.
  6816 | Ossuary  | Entered an ossuary
  7018 | Ossuary  | Learned a level 3 spell: Summon Guardian Golem
  7196 | Ossuary  | Noticed Menkaure
  7228 | Ossuary  | Killed Menkaure
  7306 | D:8      | Reached skill level 1 in Summonings
  7390 | D:8      | Killed Psyche
  7390 | D:8      | Reached **** piety under Okawaru
  7390 | D:8      | Reached skill level 2 in Summonings
  7465 | D:8      | Reached XP level 10. HP: 22/53 MP: 10/18
  7801 | D:8      | Reached skill level 3 in Summonings
  8233 | D:8      | Reached skill level 8 in Short Blades
  8240 | D:8      | Reached skill level 6 in Spellcasting
  8240 | D:8      | Reached skill level 4 in Summonings
  8281 | D:8      | Learned a level 4 spell: Summon Ice Beast
  8463 | D:9      | Reached skill level 3 in Ice Magic
  8619 | D:9      | Reached ***** piety under Okawaru
  8665 | D:9      | HP: 12/53 [orc warrior/hand axe (5)]
  9077 | D:7      | Noticed Joseph
  9091 | D:7      | Killed Joseph
  9091 | D:7      | Reached skill level 4 in Ice Magic
  9313 | D:7      | Noticed Pikel
  9346 | D:7      | Killed Pikel
  9888 | D:7      | Found a sacrificial altar of Ru.
  9926 | D:8      | Reached skill level 9 in Short Blades
 10100 | D:6      | HP: 7/53 [orc wizard/magic dart (11)]
 10100 | D:6      | HP: 2/53 [something (5)]
 10269 | D:6      | Reached skill level 5 in Summonings
 10370 | D:6      | Found Doatz's Weapon Boutique.
 10595 | D:6      | Found a burning altar of Makhleb.
 11308 | D:9      | Found a basalt altar of Yredelemnul.
 11472 | D:9      | Reached XP level 11. HP: 48/57 MP: 15/21
 11563 | D:9      | Found a glowing golden altar of the Shining One.
 11681 | D:9      | Noticed an angel
 11712 | D:10     | Entered Level 10 of the Dungeon
 11794 | D:10     | Noticed Gastronok
 11844 | D:10     | Killed Gastronok
 11844 | D:10     | Received a gift from Okawaru
 11844 | D:10     | Reached skill level 7 in Spellcasting
 11844 | D:10     | Reached skill level 5 in Ice Magic
 11941 | D:10     | Found a staircase to the Orcish Mines.
 11963 | D:10     | Reached skill level 6 in Summonings
 11968 | D:10     | Reached skill level 10 in Short Blades
 11968 | D:10     | Reached skill level 1 in Evocations
 12160 | D:10     | Reached skill level 2 in Evocations
 12353 | D:10     | Found Rumn's Antique Weapon Shoppe.
 12700 | D:10     | Noticed a hill giant
 12704 | D:10     | Killed a hill giant
 12704 | D:10     | Reached skill level 6 in Ice Magic
 12704 | D:10     | Reached skill level 3 in Evocations
 12837 | D:10     | Reached skill level 4 in Evocations
 12853 | D:10     | Noticed a hill giant
 12860 | D:10     | Killed a hill giant
 13128 | D:11     | Noticed a cyclops
 13138 | D:11     | Killed a cyclops
 13138 | D:11     | Reached skill level 5 in Evocations
 13301 | D:11     | Noticed a white ugly thing
 13315 | D:11     | Killed a white ugly thing
 13315 | D:11     | Reached skill level 8 in Spellcasting
 13315 | D:11     | Reached skill level 6 in Evocations
 13517 | D:11     | Noticed a five-headed hydra
 13531 | D:11     | Noticed an elephant
 13538 | D:11     | Reached skill level 1 in Invocations
 13548 | D:11     | dickylongcocking: summons
 13556 | D:11     | dickylongcocking: yes
 13556 | D:11     | dickylongcocking: YES
 13730 | D:11     | Found a staircase to the Lair.
 13892 | D:11     | Noticed a cyclops
 13904 | D:11     | Reached XP level 12. HP: 54/64 MP: 12/24
 13910 | D:11     | Reached skill level 3 in Fighting
 13910 | D:11     | Reached skill level 2 in Invocations
 14015 | D:11     | dickylongcocking: WTF
 14015 | D:11     | dickylongcocking: summons
 14015 | D:11     | dickylongcocking: why u no summons
 14016 | D:11     | dickylongcocking: wtf
 14016 | D:11     | Hit by a large rock thrown by a cyclops

Vault maps used:
D:1:      saegor_arrival_fortress, okawaru_ov_weapons_minmay
D:2:      first_bread, kennysheep_generic_room_5
D:3:      fedhas_altar_2
D:4:      minmay_temple_entry_glassed_door, grunt_decor_mini_mirrors
D:6:      hangedman_cross_stitches, serial_shops, kennysheep_mini,
          grunt_ministairs_9, corexii_shack, makhleb_heckhound_becter,
          uniq_blork_the_orc
D:7:      nicolae_ru_the_path_less_chosen, uniq_joseph, uniq_pikel
D:8:      nicolae_gozag_cash_rules_everything_around_me, enter_ossuary_2,
          hangedman_pestilent_swarm, nrook_uturn, uniq_psyche, uniq_maurice
D:9:      grunt_temple_overflow_holy_war, minmay_tree_intersection
D:10:     orc_0_dummy, serial_shops, shop, grunt_ministairs_11, uniq_gastronok
D:11:     david_lair_generic, serial_glass, glass_columns_c, glass_columns_b,
          feat_on_display, due_unseen_surprise, item_on_display_b, special_room,
          lightli_corner_chamber
Ossuary:  ossuary_due_pyramid

Skill      XL: |  1  2  3  4  5  6  7  8  9 10 11 12 |
---------------+-------------------------------------+-----
Short Blades   | 2 3 4 6 7 9 10 | 10.0
Ice Magic      | 1 2 4 6 |  6.0
Fighting       | 1 2 3 |  3.1
Hexes          | 4 5 6 |  6.6
Stealth        | 5 7 |  7.5
Spellcasting   | 3 5 6 8 |  8.0
Conjurations   | 2 3 |  3.4
Charms         | 3 |  3.1
Summonings     | 2 5 6 |  6.0
Evocations     | 6 |  6.3
Invocations    | 1 2 |  2.3
Dodging        | |  2.9

Action                   |  1- 3 |  4- 6 |  7- 9 | 10-12 || total
-------------------------+-------+-------+-------+-------++-------
Melee: Dagger            |    63 |   143 |   293 |   394 ||   893
 Fire: Blowgun           |       |       |       |    16 ||    16
 Cast: Corona            |     2 |       |       |       ||     2
       Ensorcelled Hiber |    20 |    40 |    60 |    82 ||   202
       Confuse           |       |    10 |    16 |    40 ||    66
       Dazzling Spray    |       |       |     5 |    20 ||    25
       Spectral Weapon   |       |       |     5 |     7 ||    12
       Summon Guardian G |       |       |     3 |     5 ||     8
       Tukima's Dance    |       |       |     1 |     4 ||     5
       Summon Ice Beast  |       |       |       |     6 ||     6
Invok: Heroism           |       |       |     1 |     2 ||     3
 Abil: Evoke Invisibilit |       |       |       |     3 ||     3
Evoke: Wand              |       |       |     2 |     3 ||     5
  Use: Potion            |       |     1 |     1 |     5 ||     7
       Scroll            |       |       |    13 |     9 ||    22
 Stab: Sleeping          |    21 |    33 |    49 |    65 ||   168
       Confused          |       |     4 |    12 |    20 ||    36
       Invisible         |       |       |     1 |    16 ||    17
       Distracted        |       |       |     1 |     1 ||     2
  Eat: Chunk             |    12 |    11 |    15 |    23 ||    61
Armor: Robe              |     6 |    49 |    59 |   101 ||   215
Dodge: Dodged            |    46 |   134 |   143 |   225 ||   548

Vault maps used:
D:1:      saegor_arrival_fortress, okawaru_ov_weapons_minmay
D:2:      first_bread, kennysheep_generic_room_5
D:3:      fedhas_altar_2
D:4:      minmay_temple_entry_glassed_door, grunt_decor_mini_mirrors
D:6:      hangedman_cross_stitches, serial_shops, kennysheep_mini,
          grunt_ministairs_9, corexii_shack, makhleb_heckhound_becter,
          uniq_blork_the_orc
D:7:      nicolae_ru_the_path_less_chosen, uniq_joseph, uniq_pikel
D:8:      nicolae_gozag_cash_rules_everything_around_me, enter_ossuary_2,
          hangedman_pestilent_swarm, nrook_uturn, uniq_psyche, uniq_maurice
D:9:      grunt_temple_overflow_holy_war, minmay_tree_intersection
D:10:     orc_0_dummy, serial_shops, shop, grunt_ministairs_11, uniq_gastronok
D:11:     david_lair_generic, serial_glass, glass_columns_c, glass_columns_b,
          feat_on_display, due_unseen_surprise, item_on_display_b, special_room,
          lightli_corner_chamber
Ossuary:  ossuary_due_pyramid

Table legend:
 A = Turns spent in this place as a percentage of turns spent in the entire game.
 B = Non-inter-level travel turns spent in this place as a percentage of non-inter-level travel turns spent in the entire game.
 C = Inter-level travel turns spent in this place as a percentage of turns spent in this place.
 D = Turns resting spent in this place as a percentage of non-inter-level travel turns spent in this place.
 E = Turns spent auto-exploring this place as a percentage of non-inter-level travel turns spent in this place.
 F = Non-inter-level travel turns spent in this place divided by the number of levels of this place that you've seen.
                   A       B       C       D       E      F
               +-------+-------+-------+-------+-------+----------------------
         Total | 100.0 | 100.0 |   0.6 |   3.7 |   6.3 | 396.8
       Dungeon |  92.0 |  92.0 |   0.6 |   3.9 |   6.3 | 398.2
       Ossuary |   8.0 |   8.0 |   0.0 |   1.0 |   6.0 | 382.0
               +-------+-------+-------+-------+-------+----------------------

Table legend:
 A = Kills in this place as a percentage of kills in entire the game.
 B = Kills by you in this place as a percentage of kills by you in the entire game.
 C = Kills by friends in this place as a percentage of kills by friends in the entire game.
 D = Other kills in this place as a percentage of other kills in the entire game.
 E = Experience gained in this place as a percentage of experience gained in the entire game.
 F = Experience gained in this place divided by the number of levels of this place that you have seen.
                   A       B       C       D       E      F
               +-------+-------+-------+-------+-------+----------------------
         Total | 100.0 | 100.0 | 100.0 | 100.0 | 100.0 | 1338.9
       Dungeon |  90.8 |  90.8 |  83.3 | 100.0 |  99.8 | 1457.2
       Ossuary |   9.2 |   9.2 |  16.7 |   0.0 |   0.2 |  38.0
               +-------+-------+-------+-------+-------+----------------------
